Map: Lerilak Crest

Players

LilDicky - Winner!

  • Race: Protoss Protoss
  • League: Diamond

neton

  • Race: Protoss Protoss
  • League: Gold

VOD

http://www.twitch.tv/tumescentpie

Description

Time

  • Played on: Jan. 4, 2016, 1:37 a.m.
  • Length: 6:03
Show
View Real Time Build Order
Export as new Build Order

LilDicky Protoss - Winner!

Build Orders:  

Get SALT Encoding   

  12  0:07  Probe (Chrono Boost)  
  13  0:18  Probe (Chrono Boost)  
  14  0:23  Pylon  
  15  0:28  Probe (Chrono Boost)  
  15  0:42  Probe (Chrono Boost)  
  16  0:50  Forge  
  16  0:54  Probe (Chrono Boost)  
  17  1:04  Pylon  
  17  1:05  Pylon  
  17  1:11  Pylon  
  17  1:17  Probe (Chrono Boost)  
  18  1:28  Photon Cannon  
  18  1:35  Photon Cannon  
  18  1:41  Pylon  
  18  1:49  Pylon  
  18  1:54  Probe (Chrono Boost)  
  19  2:03  Photon Cannon  
  19  2:13  Probe (Chrono Boost)  
  19  2:19  Photon Cannon  
  19  2:33  Probe (Chrono Boost)  
  20  2:39  Gateway  
  21  2:44  Probe (Chrono Boost)  
  20  2:53  Photon Cannon  
  20  3:02  Probe (Chrono Boost)  
  20  3:04  Assimilator  
  21  3:13  Probe (Chrono Boost)  
  22  3:29  Probe (Chrono Boost), Zealot  
  25  3:40  Cybernetics Core  
  25  3:44  Pylon  
  25  3:51  Pylon  
  25  4:12  Pylon  
  25  4:18  Warp Gate (Chrono Boost)  
  25  4:23  Photon Cannon  
  25  4:32  Mothership Core  
  25  4:35  Assimilator  
  27  4:45  Nexus, Pylon  
  27  4:53  Probe  
  26  5:07  Photon Cannon  
  26  5:14  Gateway  
  26  5:20  Gateway x2  
  26  5:38  Probe, Pylon  
Show
View Real Time Build Order
Export as new Build Order

neton Protoss 

Build Orders:  

Get SALT Encoding   

  12  0:01  Probe (Chrono Boost)  
  13  0:12  Probe (Chrono Boost)  
  14  0:19  Pylon  
  14  0:22  Probe (Chrono Boost)  
  15  0:37  Probe (Chrono Boost)  
  15  0:40  Gateway  
  16  0:45  Assimilator  
  16  0:48  Probe (Chrono Boost)  
  17  0:58  Probe (Chrono Boost)  
  18  1:08  Assimilator  
  18  1:09  Probe (Chrono Boost)  
  19  1:14  Pylon  
  19  1:29  Cybernetics Core  
  19  1:31  Zealot (Chrono Boost)  
  15  2:18  Nexus  
  15  2:36  Pylon  
  13  3:57  Gateway  
  13  4:15  Gateway  
  13  4:35  Probe  
  14  4:41  Assimilator  
  10  5:11  Zealot (Chrono Boost)  
  10  5:13  Cybernetics Core  
  12  5:23  Probe  
  12  5:24  Assimilator  
  13  5:33  Probe  
Tags
 
Add a new tag
Caveats
  • Supply blocks, unpowered buildings, or Contaminate may cause inaccurate times.
  • Supply counts are checked every 10 seconds.